ORI
UNIVERSITY OF FLORIDA GATORS @ UNIVERSITY OF MAINE BLACK BEARS
08/16/2049
 
TOP OF THE 1ST
University of Florida Gators batting - Pitching for University of Maine Black Bears : RHP Tomoaki Sumi
Pitching: RHP Tomoaki Sumi
Batting: RHB Jiao-long Zhào 0-0: Ball
1-0: Ball
2-0: SINGLE (Flyball, 8RS, EV 96.2 MPH)
Batting: LHB Roy Davies 0-0: Ball
Jiao-long Zhào steals 2nd base
1-0: Ground out 6-3 (Groundball, 6M, EV 88.8 MPH)
Jiao-long Zhào to third
Batting: RHB Gong-sun Law 0-0: Swinging Strike
0-1: Ball
1-1: Ball
2-1: Foul Ball, location: 2F
2-2: Ball
3-2: Strikes out swinging
Batting: SHB Nelson Carachure 0-0: Called Strike
0-1: Ball
1-1: Foul Ball, location: 2F
1-2: Ball
2-2: Ball
3-2: Ground out 4-3 (Groundball, 4, EV 80.0 MPH)
Top of the 1st over - 0 runs, 1 hit, 0 errors, 1 left on base; University of Florida 0 - University of Maine 0
BOTTOM OF THE 1ST
University of Maine Black Bears batting - Pitching for University of Florida Gators : RHP Mike Brandon
Pitching: RHP Mike Brandon
Batting: RHB Wang Huan 0-0: Foul Ball, location: 2F
0-1: Foul Ball, location: 2F
0-2: Foul Ball, location: 2F
0-2: Foul Ball, location: 2F
0-2: Strikes out looking
Batting: SHB Mario Barajas 0-0: Ground out 6-3 (Groundball, 6M, EV 87.5 MPH)
Batting: LHB Seung Pack 0-0: Ball
1-0: Swinging Strike
1-1: Ground out U3 (Groundball, 3, EV 80.6 MPH)
Bottom of the 1st over - 0 runs, 0 hits, 0 errors, 0 left on base; University of Florida 0 - University of Maine 0
TOP OF THE 2ND
University of Florida Gators batting - Pitching for University of Maine Black Bears : RHP Tomoaki Sumi
Batting: LHB Davey Groen 0-0: Called Strike
0-1: Ball
1-1: Ball
2-1: Foul Ball, location: 2F
2-2: Foul Ball, location: 2F
2-2: Fly out, F4 (Line Drive, 4M, EV 76.9 MPH)
Batting: RHB Lião Weishampt 0-0: Ground out 4-3 (Groundball, 4M, EV 85.6 MPH)
Batting: RHB Jae-won Kwon 0-0: Swinging Strike
0-1: Ball
1-1: Called Strike
1-2: SINGLE (Flyball, 56D, EV 91.2 MPH)
Batting: RHB Josh Curtis 0-0: Foul Ball, location: 2F
0-1: Ball
1-1: Ball
2-1: Ground out 5-3 (Groundball, 56S, EV 88.1 MPH)
Top of the 2nd over - 0 runs, 1 hit, 0 errors, 1 left on base; University of Florida 0 - University of Maine 0
BOTTOM OF THE 2ND
University of Maine Black Bears batting - Pitching for University of Florida Gators : RHP Mike Brandon
Batting: RHB Wang-fen Yang 0-0: Ball
1-0: Called Strike
1-1: Called Strike
1-2: Ball
2-2: Ball
3-2: Strikes out looking
Batting: RHB Alex Day 0-0: Ball
1-0: Called Strike
1-1: Foul Ball, location: 2F
1-2: Strikes out swinging, 2-3 out at first.
Batting: LHB Osmo Leino 0-0: Ball
1-0: Called Strike
1-1: Foul Ball, location: 2F
1-2: Strikes out swinging
Bottom of the 2nd over - 0 runs, 0 hits, 0 errors, 0 left on base; University of Florida 0 - University of Maine 0
TOP OF THE 3RD
University of Florida Gators batting - Pitching for University of Maine Black Bears : RHP Tomoaki Sumi
Batting: RHB Conz Laufenberg 0-0: Ground out 4-3 (Groundball, 4, EV 91.9 MPH)
Batting: RHB Jiao-long Zhào 0-0: Ball
1-0: Ball
2-0: Fly out, F8 (Flyball, 8LD, EV 97.5 MPH)
Batting: LHB Roy Davies 0-0: Ball
1-0: Called Strike
1-1: Swinging Strike
1-2: Ball
2-2: Ground out 3-1 (Groundball, 34S, EV 86.2 MPH)
Top of the 3rd over - 0 runs, 0 hits, 0 errors, 0 left on base; University of Florida 0 - University of Maine 0
BOTTOM OF THE 3RD
University of Maine Black Bears batting - Pitching for University of Florida Gators : RHP Mike Brandon
Batting: LHB Lance Widdison 0-0: Called Strike
0-1: SINGLE (Groundball, 34, EV 99.4 MPH)
Batting: SHB Ron Handford 0-0: TRIPLE (Flyball, 9LD, EV 99.4 MPH)
Lance Widdison scores
Batting: RHB Justin Degon 0-0: Ball
1-0: Foul Ball, location: 2F
1-1: Foul Ball, location: 2F
1-2: Ball
2-2: Ball
3-2: Fly out, F8 (Flyball, 8RM, EV 89.4 MPH)
Runner from 3rd tags up, SCORES, throw by CF
Batting: RHB Wang Huan 0-0: Called Strike
0-1: Ball
1-1: Ground out 5-3 (Groundball, 56S, EV 61.2 MPH)
Batting: SHB Mario Barajas 0-0: Ball
1-0: Ball
2-0: Called Strike
2-1: Foul Ball, location: 2F
2-2: Ball
3-2: Base on Balls
Batting: LHB Seung Pack 0-0: Foul Ball, location: 2F
0-1: Ball
1-1: Ball
2-1: Ball
Mario Barajas is caught stealing 2nd base 2-6
Bottom of the 3rd over - 2 runs, 2 hits, 0 errors, 0 left on base; University of Florida 0 - University of Maine 2
TOP OF THE 4TH
University of Florida Gators batting - Pitching for University of Maine Black Bears : RHP Tomoaki Sumi
Batting: RHB Gong-sun Law 0-0: Foul Ball, location: 2F
0-1: Called Strike
0-2: Ground out 5-3 (Groundball, 56, EV 78.8 MPH)
Batting: SHB Nelson Carachure 0-0: Called Strike
0-1: Ball
1-1: Called Strike
1-2: Strikes out swinging
Batting: LHB Davey Groen 0-0: Foul Ball, location: 2F
0-1: Ball
1-1: Ground out 4-3 (Groundball, 4D, EV 84.4 MPH)
Top of the 4th over - 0 runs, 0 hits, 0 errors, 0 left on base; University of Florida 0 - University of Maine 2
BOTTOM OF THE 4TH
University of Maine Black Bears batting - Pitching for University of Florida Gators : RHP Mike Brandon
Batting: LHB Seung Pack 0-0: Called Strike
0-1: Fly out, F3 (Line Drive, 34, EV 70.0 MPH)
Batting: RHB Wang-fen Yang 0-0: Ground out 5-3 (Groundball, 56, EV 96.2 MPH)
Batting: RHB Alex Day 0-0: Reached on error, E6 (Groundball, 6, EV 89.4 MPH)
Batting: LHB Osmo Leino 0-0: Called Strike
0-1: Foul Ball, location: 2F
0-2: Ball
1-2: Ball
2-2: SINGLE (Groundball, 3D, EV 95.0 MPH)
Alex Day to second
Runner from 2nd tries for 3rd, SAFE, throw by RF made to third
Batting: LHB Lance Widdison 0-0: Ball
1-0: Called Strike
1-1: Swinging Strike
1-2: Ball
2-2: Foul Ball, location: 2F
2-2: Ball
3-2: Fly out, F8 (Line Drive, 8LD, EV 90.0 MPH)
Bottom of the 4th over - 0 runs, 1 hit, 1 error, 2 left on base; University of Florida 0 - University of Maine 2
TOP OF THE 5TH
University of Florida Gators batting - Pitching for University of Maine Black Bears : RHP Tomoaki Sumi
Now at 2B: Steve Thomas
Now at SS: Justin Degon
Now in LF: Kevin Baker
Now in RF: John Bergeron
Batting: RHB Lião Weishampt 0-0: Foul Ball, location: 2F
0-1: Fly out, F9 (Flyball, 9, EV 89.4 MPH)
Batting: RHB Jae-won Kwon 0-0: Called Strike
0-1: Ball
1-1: Foul Ball, location: 2F
1-2: Strikes out swinging
Batting: RHB Josh Curtis 0-0: Called Strike
0-1: Fly out, F2 (Popup, 3SF, EV 79.4 MPH)
Top of the 5th over - 0 runs, 0 hits, 0 errors, 0 left on base; University of Florida 0 - University of Maine 2
BOTTOM OF THE 5TH
University of Maine Black Bears batting - Pitching for University of Florida Gators : RHP Mike Brandon
Now at C: Vince Trussell
Now in RF: Joy-shan Zhu
Batting: SHB Ron Handford 0-0: Ball
1-0: Called Strike
1-1: Swinging Strike
1-2: Ball
2-2: Foul Ball, location: 2F
2-2: Strikes out swinging
Batting: RHB Justin Degon 0-0: Ground out 4-3 (Groundball, 4S, EV 83.8 MPH)
Pinch Hitting: LHB John Knox 0-0: Ball
1-0: Swinging Strike
1-1: Foul Ball, location: 2F
1-2: Strikes out swinging
Bottom of the 5th over - 0 runs, 0 hits, 0 errors, 0 left on base; University of Florida 0 - University of Maine 2
TOP OF THE 6TH
University of Florida Gators batting - Pitching for University of Maine Black Bears : RHP Tomoaki Sumi
Pitching: RHP Justin Williams
Now at 1B: Ed Leighton
Now at 3B: Rewa Havika
Now in LF: John Knox
Now in CF: Kevin Baker
Batting: RHB Conz Laufenberg 0-0: Ball
1-0: Foul Ball, location: 2F
1-1: Swinging Strike
1-2: Ball
2-2: Ball
3-2: Strikes out swinging
Pinch Hitting: LHB Juan Cadavid 0-0: Called Strike
0-1: Ground out 4-3 (Groundball, 4, EV 103.8 MPH)
Pinch Hitting: RHB Manny Harrison 0-0: Ball
1-0: Foul Ball, location: 2F
1-1: Called Strike
1-2: Ball
2-2: Foul Ball, location: 2F
2-2: Strikes out swinging
Top of the 6th over - 0 runs, 0 hits, 0 errors, 0 left on base; University of Florida 0 - University of Maine 2
BOTTOM OF THE 6TH
University of Maine Black Bears batting - Pitching for University of Florida Gators : RHP Mike Brandon
Pitching: RHP Danny Crespo
Now at 1B: Manny Harrison
Now at SS: Dante Cossiga
Now in CF: Juan Cadavid
Batting: LHB Ed Leighton 0-0: Called Strike
0-1: Swinging Strike
0-2: Strikes out swinging
Batting: LHB John Bergeron 0-0: Ball
1-0: Called Strike
1-1: Ball
2-1: Ball
3-1: DOUBLE (Flyball, 78XD, EV 94.4 MPH)
Batting: LHB Steve Thomas 0-0: Ball
1-0: Called Strike
1-1: Foul Ball, location: 2F
1-2: Ball
2-2: Fly out, F9 (Flyball, 9D, EV 105.6 MPH)
Runner from 2nd tags up, SAFE at 3rd, no throw by RF
Batting: RHB Bryan Douglas 0-0: Ball
1-0: Foul Ball, location: 2F
1-1: Ground out 6-3 (Groundball, 6, EV 104.4 MPH)
Bottom of the 6th over - 0 runs, 1 hit, 0 errors, 1 left on base; University of Florida 0 - University of Maine 2
TOP OF THE 7TH
University of Florida Gators batting - Pitching for University of Maine Black Bears : RHP Justin Williams
Pitching: RHP Steve Brill
Batting: RHB Dante Cossiga 0-0: Ball
1-0: Called Strike
1-1: Foul Ball, location: 2F
1-2: Ball
2-2: Strikes out swinging
Batting: RHB Vince Trussell 0-0: Ball
1-0: Foul Ball, location: 2F
1-1: Called Strike
1-2: Ball
2-2: Foul Ball, location: 2F
2-2: Strikes out looking
Pinch Hitting: RHB Juan Lopez 0-0: Ball
1-0: Swinging Strike
1-1: Foul Ball, location: 2F
1-2: Strikes out swinging
Top of the 7th over - 0 runs, 0 hits, 0 errors, 0 left on base; University of Florida 0 - University of Maine 2
BOTTOM OF THE 7TH
University of Maine Black Bears batting - Pitching for University of Florida Gators : RHP Danny Crespo
Pitching: RHP Elliot Gallagher
Now at 2B: Hyo-kon Lee
Now at 3B: Juan Lopez
Batting: RHB Rewa Havika 0-0: Called Strike
0-1: Called Strike
0-2: Foul Ball, location: 2F
0-2: Ball
1-2: Ball
2-2: Foul Ball, location: 2F
2-2: Ball
3-2: Strikes out looking
Batting: RHB Kevin Baker 0-0: Called Strike
0-1: Ball
1-1: Ball
2-1: Ball
3-1: Swinging Strike
3-2: Strikes out looking
Batting: SHB Ron Handford 0-0: Ball
1-0: Foul Ball, location: 2F
1-1: Swinging Strike
1-2: Ball
2-2: Ground out U3 (Groundball, 3, EV 80.6 MPH)
Bottom of the 7th over - 0 runs, 0 hits, 0 errors, 0 left on base; University of Florida 0 - University of Maine 2
TOP OF THE 8TH
University of Florida Gators batting - Pitching for University of Maine Black Bears : RHP Steve Brill
Pinch Hitting: RHB Keith Kamerling 0-0: Ball
1-0: Foul Ball, location: 2F
1-1: Called Strike
1-2: Foul Ball, location: 2F
1-2: Foul Ball, location: 2F
1-2: Foul Ball, location: 2F
1-2: Ball
2-2: Ball
3-2: Foul Ball, location: 2F
3-2: Ground out 6-3 (Groundball, 6M, EV 87.5 MPH)
Batting: SHB Pat Justice 0-0: Ball
1-0: Ball
2-0: SINGLE (Line Drive, 6MD, EV 94.4 MPH)
Pinch Hitting: SHB Tokuichi Ishida 0-0: Ball
1-0: Ball
2-0: Foul Ball, location: 2F
2-1: Fly out, F5 (Popup, 56, EV 62.5 MPH)
Pinch Hitting: LHB Dave Newsome 0-0: Foul Ball, location: 2F
0-1: Foul Ball, location: 2F
0-2: Ball
1-2: Ball
2-2: Ball
3-2: Ground out 4-3 (Groundball, 4, EV 90.0 MPH)
Top of the 8th over - 0 runs, 1 hit, 0 errors, 1 left on base; University of Florida 0 - University of Maine 2
BOTTOM OF THE 8TH
University of Maine Black Bears batting - Pitching for University of Florida Gators : RHP Elliot Gallagher
Now at 2B: Tokuichi Ishida
Now in LF: Keith Kamerling
Now in RF: Dave Newsome
Batting: RHB Justin Degon 0-0: Ball
1-0: Ball
2-0: DOUBLE (Flyball, 8RD, EV 101.9 MPH)
Batting: LHB John Knox 0-0: Called Strike
Justin Degon steals 3rd base
0-1: Ball
1-1: Called Strike
1-2: Foul Ball, location: 2F
1-2: Ball
Wild Pitch!
Justin Degon scores
2-2: Ball
3-2: Strikes out looking
Batting: LHB Ed Leighton 0-0: Ball
1-0: Called Strike
1-1: Called Strike
1-2: Strikes out looking
Batting: LHB John Bergeron 0-0: Ball
1-0: Called Strike
1-1: Called Strike
1-2: Strikes out swinging
Bottom of the 8th over - 1 run, 1 hit, 0 errors, 0 left on base; University of Florida 0 - University of Maine 3
TOP OF THE 9TH
University of Florida Gators batting - Pitching for University of Maine Black Bears : RHP Steve Brill
Pitching: RHP Johnny Becerra
Batting: LHB Juan Cadavid 0-0: Ground out 6-3 (Groundball, 56, EV 108.1 MPH)
Pinch Hitting: SHB Michael Medina 0-0: Ball
1-0: Called Strike
1-1: Foul Ball, location: 2F
1-2: Foul Ball, location: 2F
1-2: Strikes out swinging
Pinch Hitting: LHB Jose Garcia 0-0: Called Strike
0-1: Foul Ball, location: 2F
0-2: Fly out, F7 (Flyball, 7LS, EV 78.1 MPH)
Top of the 9th over - 0 runs, 0 hits, 0 errors, 0 left on base; University of Florida 0 - University of Maine 3
Sunday, July 16th , 2023 - OOTP Baseball 24.6 Build 69